 Dungeon Crawl Stone Soup version 0.29.1-13-g9f3cf754e1 (webtiles) character file.

Game seed: 3804378864659886094

30979 Gabide the Unseen (level 13, -3/128 HPs)
             Began as a Naga Monk on Jan 23, 2023.
             Was a High Priest of Dithmenos.
             Slain by a cane toad (18 damage)
             ... on level 5 of the Lair of Beasts.
             The game lasted 00:32:57 (14222 turns).

Gabide the Unseen (Naga Monk)                      Turns: 14222, Time: 00:32:59

Health: -3/128     AC: 17    Str: 13    XL:     13   Next: 55%
Magic:  10/13      EV: 15    Int: 12    God:    Dithmenos [*****.]
Gold:   793        SH:  0    Dex: 18    Spells: 12/12 levels left

rFire   . . .      SeeInvis +   b - +10 falchion of Righteous Fury {freeze, rElec rPois rC- Stlth+}
rCold   . . .      Faith    .   (no shield)
rNeg    . . .      Spirit   .   P - +0 steam dragon scales
rPois   +          Reflect  .   K - +2 hat
rElec   +          Harm     .   D - +1 cloak
rCorr   .          Rampage  .   C - +2 pair of gloves
Will    +....                   (no barding) Stlth ***+++++++
                                G - amulet of regeneration
HPRegen 1.11/turn               i - +4 ring of protection
MPRegen 0.13/turn               n - ring of protection from cold

@: wreathed by umbra, very slow
A: AC +4, large, see invisible, deformed body, poison resistance, slowness 2,
spit poison 1, naga tail 2
a: Spit Poison, Renounce Religion, Shadow Step, Shadow Form


You were on level 5 of the Lair of Beasts.
You worshipped Dithmenos.
Dithmenos was extremely pleased with you.
You visited 3 branches of the dungeon, and saw 14 of its levels.
You also visited: Sewer.

You collected 923 gold pieces.
You spent 130 gold pieces at shops.

Inventory:

Hand Weapons
 a - a +2 dagger of venom
 b - the +10 falchion of Righteous Fury (weapon) {freeze, rElec rPois rC- Stlth+}
   (You took it off an orc on level 7 of the Dungeon)

   It freezes those it strikes, dealing additional cold damage.
   It can also slow down cold-blooded creatures.
   rC:        It makes you vulnerable to cold.
   rElec:     It insulates you from electricity.
   rPois:     It protects you from poison.
   Stlth:     It makes you more stealthy.
 y - a +0 dagger of electrocution
Missiles
 z - 5 atropa-tipped darts
Armour
 C - a +2 pair of gloves (worn)
 D - a +1 cloak (worn)
 K - a +2 hat (worn)
 O - a +0 helmet
 P - +0 steam dragon scales (worn)
Jewellery
 h - an amulet of the acrobat
 i - a +4 ring of protection (left hand)
 n - a ring of protection from cold (right hand)
 r - a ring of fire
 u - an amulet of guardian spirit
 G - an amulet of regeneration (around neck)
 N - a +6 ring of intelligence
Wands
 j - a wand of paralysis (17)
 x - a wand of mindburst (2)
 L - a wand of flame (7)
 Q - a wand of polymorph (2)
Scrolls
 k - 2 scrolls of amnesia
 l - 2 scrolls of vulnerability
 m - a scroll of brand weapon
 o - 4 scrolls of fog
 q - a scroll of silence
 B - 3 scrolls of magic mapping
 E - 4 scrolls of enchant weapon
 F - a scroll of torment {unknown}
 S - 2 scrolls of teleportation
Potions
 c - 3 potions of curing
 d - 3 potions of lignification
 e - 4 potions of magic
 f - a potion of brilliance {unknown}
 g - 5 potions of flight
 s - 2 potions of heal wounds
 t - 3 potions of attraction
 v - 2 potions of mutation
 w - a potion of haste
 I - a potion of berserk rage
 R - a potion of resistance {unknown}
 T - 3 potions of invisibility
Miscellaneous
 p - a condenser vane
 J - a tin of tremorstones (2/2)


   Skills:
 + Level 11.9 Fighting
 + Level 11.9 Short Blades
 + Level 10.1 Dodging
 + Level 17.6 Stealth


You had 12 spell levels left.
You didn't know any spells.
Your spell library contained the following spells:

 Spells                   Type           Power      Damage    Failure   Level
 Magic Dart               Conj           0%         1d3       32%         1
 Summon Small Mammal      Summ           0%         N/A       32%         1
 Blink                    Tloc           0%         N/A       45%         2
 Call Imp                 Summ           0%         N/A       45%         2
 Call Canine Familiar     Summ           0%         N/A       69%         3
 Gell's Gravitas          Tloc           0%         N/A       69%         3
 Lesser Beckoning         Tloc           0%         N/A       69%         3
 Mephitic Cloud           Conj/Pois/Air  0%         N/A       69%         3
 Ozocubu's Armour         Ice            0%         N/A       69%         3
 Summon Guardian Golem    Hex/Summ       0%         N/A       69%         3
 Teleport Other           Tloc           0%         N/A       69%         3
 Airstrike                Air            0%         2d(0-16)  97%         4
 Corpse Rot               Necr/Pois/Air  0%         N/A       97%         4
 Dispel Undead            Necr           0%         3d6       97%         4
 Olgreb's Toxic Radiance  Pois           0%         N/A       97%         4
 Summon Lightning Spire   Summ/Air       0%         N/A       97%         4
 Lightning Bolt           Conj/Air       0%         1d11      100%        5
 Manifold Assault         Tloc           0%         N/A       100%        5
 Metabolic Englaciation   Hex/Ice        0%         N/A       100%        5
 Death Channel            Necr           0%         N/A       100%        6
 Simulacrum               Ice/Necr       0%         N/A       100%        6
 Orb of Destruction       Conj           0%         9d5       100%        7
 Ozocubu's Refrigeration  Ice            0%         4d7       100%        7
 Spellforged Servitor     Conj/Summ      0%         N/A       100%        7
 Ignition                 Fire           0%         3d3       100%        8


Dungeon Overview and Level Annotations

Branches:
Dungeon (8/15)             Temple (1/1) D:4            Lair (5/5) D:8
 Shoals (0/4) Lair:3        Snake (0/4) Lair:3        Slime (0/5) Lair:4
  Sewer (visited)

Altars:
Ashenzari
Cheibriados
Dithmenos
Elyvilon
Hepliaklqana
Kikubaaqudgha
Makhleb
Nemelex Xobeh
Okawaru
Ru
Sif Muna
Trog
Vehumet
Wu Jian
Xom
Yredelemnul
Zin
The Shining One
Jiyva

Shops:
D:3 [

Annotations:
D:5 2 transporters, jaiteiro's ghost, novice DrEE
Lair:3 Gastronok
Lair:5 Nessos


Innate Abilities, Weirdness & Mutations

Your serpentine skin is tough. (AC +4)
You have supernaturally acute eyesight. (SInv)
Armour fits poorly on your strangely shaped body.
Your system is resistant to poisons. (rPois)
You cover ground very slowly.
You can spit poison.
You can use your snake-like lower body to constrict enemies.


Message History

You feel very sick.
Nessos is engulfed in poison gas.
Nessos looks as sick as possible!
Nessos gestures wildly while chanting.
Nessos blinks!
The cane toad stings you.
Nessos is engulfed in poison gas.
Nessos looks as sick as possible!
Nessos shoots an arrow.
The arrow hits you!
* * * LOW HITPOINT WARNING * * *
The arrow burns you.
* * * LOW HITPOINT WARNING * * *
You hear a loud, deep croak!
You feel better.
Nessos is engulfed in poison gas.
Nessos looks as sick as possible!
Nessos shoots an arrow.
The arrow hits you!
* * * LOW HITPOINT WARNING * * *
The arrow burns you.
* * * LOW HITPOINT WARNING * * *
Nessos looks as sick as possible!
Nessos shoots an arrow.
The arrow completely misses you.
The cane toad stings you but does no damage.
Aiming: Paralyse
Press: ? - help, Shift-Dir - straight line, f/p - Nessos
Aim: Nessos, wielding a +1 longbow of flaming and wearing a +0 barding (poison gas, severely wounded, fast, extremely poisoned, chance to affect: 49%) Nessos resists with some effort.
Nessos is engulfed in poison gas.
Nessos looks as sick as possible!
Nessos is engulfed in poison gas.
Nessos looks as sick as possible!
Nessos shoots an arrow.
The arrow hits you but does no damage. The cane toad closely misses you.
Nessos looks as sick as possible!
Nessos casts a spell.
Nessos blinks!
The cane toad misses you.
Aiming: Paralyse
Press: ? - help, Shift-Dir - straight line, f/p - Nessos
Aim: Nessos, wielding a +1 longbow of flaming and wearing a +0 barding (poison gas, almost dead, fast, extremely poisoned, chance to affect: 49%) Nessos resists with some effort.
The vampire mosquito closely misses you.
Nessos is engulfed in poison gas.
Nessos looks as sick as possible!
Nessos shoots an arrow.
The arrow hits you!
* * * LOW HITPOINT WARNING * * *
The arrow burns you.
* * * LOW HITPOINT WARNING * * *
The vampire mosquito bites you but does no damage.
The cane toad stings you!!
You die...

##...........##P....
#...§§○c§§☼§§§○☼§§§.
##.<.§§§§§§§§☼☼§○§§○.
##....§§§☼§§○☼○§☼§§§§.
####.....§○○☼§○§§§☼☼§○○§.
.........§P§§§☼§§§§.§§☼P.
.........§§○☼§§☼○☼§○§§§§.
.........☼§§§§§○y.§○§§○○.
.......^.☼☼§☼§§☼@F§§§§§§.
.........§§§§§§§§§☼§○§§§.
.........☼§○§☼☼§§○§§○§○§P
....###..#§§§☼§##§○#§§P#.
##### ###☼§§## ##☼ ### #
#§## ## #


You could see Nessos (fast, extremely poisoned), a cane toad and a vampire
mosquito.

Vanquished Creatures
  A boulder beetle (Lair:3)
  2 hydras
  A two-headed ogre (D:8)
  11 death yaks
  A bog body (Lair:1)
  12 elephants
  A black mamba (Lair:4)
  A rime drake (Lair:1)
  5 cane toads
  Maggie (Lair:1)
  A freezing wraith (Lair:1)
  9 komodo dragons
  An ice devil (Lair:1)
  Prince Ribbit (D:5)
  4 polar bears
  A slime creature (D:6)
  5 blink frogs (Lair:4)
  A shadow (D:8)
  Eustachio (D:5)
  2 wyverns (Lair:2)
  22 yaks
  3 basilisks
  A steam dragon (D:7)
  5 nagas (Lair:3)
  7 water moccasins
  An orc warrior (D:8)
  An ogre (D:6)
  2 ice beasts
  A sky beast (D:7)
  A centaur (D:4)
  14 wolves
  A kobold brigand (D:6)
  Blork the orc (D:6)
  9 bullfrogs
  3 necrophages
  A cane toad simulacrum (Lair:1)
  A two-headed ogre simulacrum (Lair:1)
  A scorpion (D:6)
  8 wights
  3 killer bees (D:7)
  7 howler monkeys
  5 hounds
  7 jellies
  5 orc priests
  Natasha (thrice) (D:4)
  2 hell rats (D:8)
  3 iguanas
  2 orc wizards
  A wolf simulacrum (Lair:1)
  4 gnolls
  13 adders
  3 river rats
  A naga simulacrum (Lair:1)
  4 white imps
  2 worms
  3 dart slugs
  13 orcs
  7 bats
  29 endoplasms
  7 giant cockroaches
  7 goblins
  7 hobgoblins
  2 jackals (D:5)
  11 quokkas
  12 ball pythons
  13 frilled lizards
  10 kobolds
  A rat (D:2)
332 creatures vanquished.

Vanquished Creatures (collateral kills)
  An ice statue (Lair:1)
  An ice devil (Lair:1)
  A polar bear (Lair:1)
3 creatures vanquished.

Vanquished Creatures (others)
  A rime drake (Lair:1)
  24 fungi
  18 plants
43 creatures vanquished.

Grand Total: 378 creatures vanquished

Notes
Turn   | Place    | Note
-------+----------+-------------------------------------------
     0 | D:1      | Gabide the Naga Monk began the quest for the Orb.
     0 | D:1      | Reached XP level 1. HP: 21/21 MP: 1/1
   250 | D:1      | Reached XP level 2. HP: 13/28 MP: 2/2
   774 | D:1      | Reached XP level 3. HP: 34/34 MP: 3/3
  1244 | D:2      | Reached skill level 4 in Stealth
  1545 | D:2      | Reached XP level 4. HP: 42/42 MP: 4/4
  1767 | D:2      | Found a faded altar of an unknown god.
  2041 | D:3      | Found Visiat's Antique Armour Shop.
  2509 | D:4      | Reached XP level 5. HP: 45/50 MP: 5/5
  2573 | D:4      | Noticed Natasha
  2585 | D:4      | Killed Natasha
  2586 | D:4      | Reached skill level 5 in Stealth
  2757 | D:4      | Found a staircase to the Ecumenical Temple.
  2773 | D:4      | Found a glowing drain.
  2788 | Sewer    | Entered a sewer
  2953 | Sewer    | Reached XP level 6. HP: 53/57 MP: 6/6
  3147 | Sewer    | Reached skill level 6 in Stealth
  3362 | D:4      | Reached XP level 7. HP: 66/66 MP: 7/7
  3390 | Temple   | Entered the Ecumenical Temple
  3417 | Temple   | Became a worshipper of Dithmenos the Shadowed
  3417 | Temple   | Reached * piety under Dithmenos
  3417 | Temple   | Reached ** piety under Dithmenos
  3674 | D:4      | Found a burning altar of Makhleb.
  3751 | D:4      | Found a hazy altar of Hepliaklqana.
  3778 | D:4      | Noticed Natasha
  3789 | D:4      | Killed Natasha
  3921 | D:4      | Noticed Natasha
  3933 | D:4      | Killed Natasha
  4102 | D:5      | Entered Level 5 of the Dungeon
  4103 | D:5      | Noticed jaiteiro's ghost (novice DrEE)
  4120 | D:5      | Noticed Prince Ribbit
  4196 | D:5      | Killed Prince Ribbit
  4197 | D:5      | Reached skill level 5 in Fighting
  4197 | D:5      | Reached skill level 5 in Short Blades
  4197 | D:5      | Reached skill level 7 in Stealth
  4391 | D:5      | Found a transporter.
  4420 | D:5      | Reached XP level 8. HP: 66/74 MP: 8/8
  4553 | D:5      | Noticed Eustachio
  4557 | D:5      | Killed Eustachio
  4558 | D:5      | Reached skill level 8 in Stealth
  4857 | D:5      | Found a transporter.
  4928 | D:3      | Bought a cloak for 130 gold pieces
  4981 | D:5      | Found a white marble altar of Elyvilon.
  5388 | D:5      | Reached skill level 5 in Dodging
  5416 | D:6      | Reached skill level 9 in Stealth
  5535 | D:6      | Reached XP level 9. HP: 60/84 MP: 9/9
  5570 | D:6      | Noticed Blork the orc
  5586 | D:6      | Killed Blork the orc
  5784 | D:6      | Found an ancient bone altar of Kikubaaqudgha.
  6231 | D:6      | Found a glowing silver altar of Zin.
  6274 | D:6      | Found a bloodstained altar of Trog.
  6443 | D:6      | Reached *** piety under Dithmenos
  6605 | D:7      | Reached skill level 10 in Stealth
  7101 | D:7      | Found a shimmering blue altar of Sif Muna.
  7129 | D:7      | Found a shimmering altar of Xom.
  7685 | D:8      | Reached skill level 11 in Stealth
  7701 | D:8      | Identified the +10 falchion of Righteous Fury {freeze,
                  | rElec rPois rC- Stlth+}
  7707 | D:8      | Reached XP level 10. HP: 78/94 MP: 10/10
  7871 | D:8      | Noticed a two-headed ogre
  7886 | D:8      | Killed a two-headed ogre
  8085 | D:8      | Identified the +3 hand axe "Mior Fyg" {protect, rElec rN++
                  | Int-4 Dex-4}
  8192 | D:8      | Noticed a death yak
  8194 | D:8      | Found a staircase to the Lair.
  8194 | D:8      | Noticed a death yak
  8209 | D:8      | Reached **** piety under Dithmenos
  8213 | D:8      | Noticed a death yak
  8407 | D:8      | Killed a death yak
  8408 | D:8      | Reached skill level 12 in Stealth
  8421 | D:8      | Killed a death yak
  8427 | D:8      | Killed a death yak
  8546 | D:8      | Found a basalt altar of Yredelemnul.
  8719 | Lair:1   | Entered Level 1 of the Lair of Beasts
  8805 | Lair:1   | Noticed a death yak
  8805 | Lair:1   | Noticed a bog body
  8826 | Lair:1   | Reached skill level 13 in Stealth
  8826 | Lair:1   | Reached XP level 11. HP: 58/104 MP: 11/11
  8827 | Lair:1   | Killed a bog body
  8835 | Lair:1   | Killed a death yak
  9295 | Lair:1   | Noticed Maggie
  9298 | Lair:1   | Killed Maggie
  9708 | Lair:1   | Reached skill level 14 in Stealth
 10423 | Lair:2   | Reached skill level 10 in Short Blades
 10637 | Lair:3   | Reached skill level 10 in Fighting
 10704 | Lair:3   | Reached XP level 12. HP: 36/116 MP: 12/12
 10848 | Lair:3   | Noticed a boulder beetle
 10853 | Lair:3   | Killed a boulder beetle
 10854 | Lair:3   | Reached skill level 15 in Stealth
 10891 | Lair:3   | Noticed a death yak
 10891 | Lair:3   | Noticed a death yak
 10950 | Lair:3   | Noticed a death yak
 10964 | Lair:3   | Killed a death yak
 10965 | Lair:3   | Killed a death yak
 10966 | Lair:3   | Killed a death yak
 11099 | Lair:3   | Noticed Gastronok
 11139 | Lair:3   | Found a staircase to the Snake Pit.
 11182 | Lair:3   | Found a staircase to the Shoals.
 11421 | Lair:2   | Noticed an eight-headed hydra
 11428 | Lair:2   | Killed an eight-headed hydra
 11439 | Lair:2   | Reached ***** piety under Dithmenos
 11464 | Lair:2   | Reached skill level 16 in Stealth
 12685 | Lair:3   | Gained mutation: You can use your snake-like lower body to
                  | constrict enemies. [Naga growth]
 12685 | Lair:3   | Reached XP level 13. HP: 84/127 MP: 13/13
 13175 | Lair:4   | Reached skill level 17 in Stealth
 13406 | Lair:4   | Found a staircase to the Slime Pits.
 13406 | Lair:4   | Found a viscous altar of Jiyva.
 14093 | Lair:5   | Entered Level 5 of the Lair of Beasts
 14105 | Lair:5   | Reached skill level 10 in Dodging
 14205 | Lair:5   | Noticed Nessos
 14222 | Lair:5   | Slain by a cane toad

Illustrated notes

Levels and vault maps discovered:
D:1:      amcnicky_arrival_wind_blow, layout_basic
D:2:      layout_basic, shapermc_ecumenical_altar_acropolis, minmay_box_of_dots
D:3:      minmay_wonky_spiral, layout_basic, serial_shops,
          nicolae_lakefront_shop, minmay_misc_feat_enclosed,
          kennysheep_generic_room_13
D:4:      layout_cave_pools, nicolae_hepliaklqana_hippocampus,
          lightli_temple_of_fire, temple_pool_b, cheibrodos_sewer_entry_sluice,
          serial_glass, glass_columns_a, glass_columns_a, uniq_natasha
D:5:      layout_rooms, mainiacjoe_overflow_surrounded_room,
          gammafunk_ghost_arena, minmay_misc_feat_five, uniq_eustachio,
          uniq_prince_ribbit1
D:6:      lemuel_slime, layout_basic, trog_book, kiku_gazebo_garden_becter,
          kennysheep_mini_moat, uniq_blork_the_orc
D:7:      layout_basic, overflow_temple_1_default, lemuel_tele_altar
D:8:      layout_loops_cross, kennysheep_little_box, dpeg_lair_monsters,
          serial_bayou_pond_e, nicolae_concentric_dashed_squares_wild
Temple:   chequers_temple_sunken
Lair:1:   dreamdust_isle_of_ice, layout_loops_ring, uniq_maggie
Lair:2:   layout_chaotic_city
Lair:3:   layout_gridlike, shoals_dummy_entry,
          minmay_snake_entry_guardpost_large, beast_lair_carwin_7,
          grunt_megastairs_3, serial_bayou_shore_b, uniq_gastronok
Lair:4:   layout_cave_pods, slime_entry_1
Lair:5:   minmay_lair_end_frog_pond, layout_hall_layers, serial_bayou_pond_c,
          roderic_batcave, uniq_nessos

Skill      XL: |  1  2  3  4  5  6  7  8  9 10 11 12 13 |
---------------+----------------------------------------+-----
Stealth        | 4 5 6 7 9 11 13 14 16 17 | 17.6
Dodging        | 3 4 5 6 7 8 9 10 | 10.1
Short Blades   | 4 5 6 7 8 10 11 | 11.9
Fighting       | 4 5 6 7 8 10 11 | 11.9

Action                   |  1- 3 |  4- 6 |  7- 9 | 10-12 | 13-15 || total
-------------------------+-------+-------+-------+-------+-------++-------
Melee: Short sword       |    23 |       |       |       |       ||    23
       Punch             |     1 |     2 |     9 |     8 |     1 ||    21
       Dagger            |    19 |   188 |   381 |   258 |     8 ||   854
       Falchion          |       |       |       |   298 |   140 ||   438
       Constrict         |       |       |       |       |    21 ||    21
Throw: Dart              |       |       |     2 |     2 |       ||     4
Invok: Shadow Step       |       |       |       |       |     1 ||     1
 Abil: Spit Poison       |    31 |    25 |    13 |    12 |       ||    81
Evoke: Wand              |       |       |     3 |    24 |     2 ||    29
  Use: Scroll            |       |     2 |    12 |    25 |     3 ||    42
       Potion            |       |     3 |     1 |     4 |     1 ||     9
 Stab: Sleeping          |     1 |     8 |    14 |    16 |     8 ||    47
       Invisible         |       |       |     1 |     4 |       ||     5
       Distracted        |       |       |     3 |     4 |       ||     7
       Paralysed         |       |       |       |     2 |       ||     2
Armor: Robe              |     4 |    68 |   100 |    24 |       ||   196
       Steam dragon scal |       |       |       |   214 |    83 ||   297
Dodge: Dodged            |    22 |   154 |   263 |   548 |   139 ||  1126
